 Dungeon Crawl Stone Soup version 0.30.0-19-g36f170ea60 (webtiles) character file.

Game seed: 6889465878923586957

42 cdecastro the Ruffian (level 3, -2/31 HPs)
             Began as a Ghoul Fighter on May 27, 2023.
             Slain by a gnoll
             ... wielding a +0 flail
              (8 damage)
             ... on level 1 of the Dungeon.
             The game lasted 00:02:46 (912 turns).

cdecastro the Ruffian (Ghoul Fighter)                Turns: 912, Time: 00:02:47

Health: -2/31      AC:  6    Str: 21    XL:     3   Next: 56%
Magic:  0/2        EV:  9    Int:  3    God:
Gold:   56         SH:  0    Dex:  8    Spells: 2/2 levels left

rFire   . .          .
                       - Unarmed
rCold   + . .        (no shield)
rNeg    + + +        a - +0 scale mail
rPois   ∞            (no helmet)
rElec   .            (no cloak)
rCorr   .            (no gloves)
SInv    .            (no boots)
Will    .....        d - amulet of guardian spirit Stlth
                     (no ring)
HPRegen 0.00/turn    (no ring)
MPRegen 0.08/turn

%: guardian spirit
@: inhibited regen
A: claws 1, cold resistance 1, negative energy resistance 3, inhibited
regeneration, torment resistance 2, devour on kill
a: no special abilities


You were on level 1 of the Dungeon.
You visited 1 branch of the dungeon, and saw 2 of its levels.

You collected 56 gold pieces.

Inventory:

Missiles
 k - 9 poisoned darts (quivered)
Armour
 a - a +0 scale mail (worn)
 b - a +0 buckler
Jewellery
 d - an amulet of guardian spirit (around neck)
Scrolls
 g - 3 scrolls of identify {unknown}
 h - 2 scrolls of magic mapping {unknown}
 m - a scroll of enchant weapon {unknown}
 o - a scroll of vulnerability {unknown}
Potions
 c - a potion of might
 e - 3 potions of heal wounds {unknown}
 f - a potion of degeneration {unknown}
 i - a potion of berserk rage {unknown}
 j - 2 potions of cancellation {unknown}
 l - a potion of curing {unknown}
 n - a potion of haste {unknown}


   Skills:
 - Level 3.2 Fighting
 - Level 2.6 Armour
 - Level 2.6 Shields
 + Level 4.2 Unarmed Combat


You had 2 spell levels left.
You didn't know any spells.
Your spell library contained the following spells:

 Spells                   Type           Power      Damage    Failure   Level
 Vhi's Electric Charge    Tloc/Air       0%         N/A       99%         3
 Arcjolt                  Conj/Air       0%         1d10      100%        5
 Maxwell's Capacitive Co  Air            0%         ∞         100%        8


Dungeon Overview and Level Annotations

Branches:
Dungeon (2/15)

Altars:

Shops:
D:1 [*


Innate Abilities, Weirdness & Mutations

You are immune to poison.
You have sharp fingernails.
Your flesh is cold resistant. (rC+)
You are immune to negative energy. (rN+++)
You do not regenerate when monsters are visible.
You are immune to unholy pain and torment.
You thrive by killing the living.


Message History

You kill the kobold!
No target in view!
No target in view!
Things that are here:
a +0 dagger of flaming; 4 stones; a kobold corpse
g - 3 scrolls labelled HOMAWI DEHAMO (gained 1)
h - 2 scrolls labelled QOSIRCH ZABOJI (gained 1)
e - 3 metallic sapphire potions (gained 1) 2 gnolls come into view.
The gnoll shouts!
A gnoll comes into view. It is wielding a +0 spear.
The gnoll moves out of view.
There are monsters nearby!
There are monsters nearby!
There are monsters nearby!
There are monsters nearby!
The gnoll shouts!
An endoplasm comes into view.
An adder comes into view.
There is a stone staircase leading up here.
You barely miss the gnoll. The gnoll hits you with a +0 flail.
You barely miss the gnoll. The gnoll misses you. The gnoll closely misses you.
The gnoll barely misses you. The gnoll hits you but does no damage.
You climb upwards.
There is a stone staircase leading down here.
Unknown command.
You closely miss the gnoll. The gnoll barely misses you. x2
You barely miss the gnoll. The gnoll hits you with a +0 flail!
The gnoll hits you with a +0 flail.
You scratch the gnoll.
The gnoll is heavily wounded.
The gnoll hits you with a +0 flail.
* * * LOW HITPOINT WARNING * * *
The gnoll hits you but does no damage.
You closely miss the gnoll.
The gnoll is heavily wounded.
The gnoll hits you with a +0 flail!
* * * LOW HITPOINT WARNING * * *
The gnoll hits you with a +0 flail!
You die...

####### #......
#...... #......
########### #......
#..@g....)# ##..####
#.g.......###..## ##
#.........##..#####.
#..###....##.###....
#..#.#........##.###
#.#.♣.#...#...#..##
#..#.#....÷.......##
#..###.......####...
#...........########


You could see 2 gnolls.

Vanquished Creatures
  A worm (D:2)
  2 dart slugs (D:1)
  An orc (D:2)
  2 ball pythons (D:1)
  2 endoplasms (D:1)
  4 hobgoblins (D:1)
  2 quokkas (D:1)
  3 bats (D:1)
  2 frilled lizards
  4 goblins
  5 kobolds
  5 rats
33 creatures vanquished.

Notes
Turn   | Place    | Note
-------+----------+-------------------------------------------
     0 | D:1      | cdecastro the Ghoul Fighter began the quest for the Orb.
     0 | D:1      | Reached XP level 1. HP: 19/19 MP: 0/0
    82 | D:1      | Reached skill level 3 in Unarmed Combat
    82 | D:1      | Reached XP level 2. HP: 18/26 MP: 1/1
   429 | D:1      | Found Geitzum's Antique Armour Emporium.
   469 | D:1      | Reached XP level 3. HP: 30/31 MP: 2/2
   542 | D:1      | Found Voytutov's Assorted Antiques.
   613 | D:1      | Reached skill level 4 in Unarmed Combat
   912 | D:1      | Slain by a gnoll

Illustrated notes

Levels and vault maps discovered:
D:1:      dpeg_arrival_rhombi, layout_rooms, serial_shops,
          nicolae_shop_just_a_little_nook, shop, grunt_decor_one_mirror,
          minmay_tripent
D:2:      layout_basic

Skill      XL: |  1  2  3 |
---------------+----------+-----
Unarmed Combat | 3 4 |  4.2
Fighting       | |  3.2
Armour         | |  2.6
Shields        | |  2.6

Action                     || total
---------------------------++-------
  Melee: Unarmed           ||   103
         Punch             ||     2
 Armour: Scale mail        ||    50
  Dodge: Dodged            ||    33
  Block: Buckler           ||     9
